 Dungeon Crawl Stone Soup version 0.30.0-29-ga12c61a403 (webtiles) character file.

Game seed: 10003884456473437775

393 qw the Chopper (level 6, -4/37 HPs)
             Began as a Gargoyle Fighter on June 5, 2023.
             Slain by a gnoll
             ... wielding a +0 halberd
              (10 damage)
             ... on level 5 of the Dungeon.
             The game lasted 00:01:39 (3352 turns).

qw the Chopper (Gargoyle Fighter)                   Turns: 3352, Time: 00:01:40

Health: -4/37      AC: 12    Str: 21    XL:     6   Next: 81%
Magic:  6/6        EV:  8    Int:  9    God:
Gold:   7          SH:  8    Dex:  9    Spells: 5/5 levels left

rFire   . . .        Y - +0 war axe
rCold   . . .        k - +0 kite shield
rNeg    + . .        b - +0 scale mail
rPois   inf          (no helmet)
rElec   +            r - +0 cloak
rCorr   .            (no gloves)
SInv    .            (no boots)
Will    .....        (no amulet) Stlth
                     (no ring)
HPRegen 0.26/turn    (no ring)
MPRegen 0.10/turn

%: no passive effects
@: about to teleport
A: sickness immunity, AC +4, negative energy resistance 1, electricity
resistance, torment resistance 1, petrification resistance
a: no special abilities


You were on level 5 of the Dungeon.
You visited 1 branch of the dungeon, and saw 5 of its levels.

You collected 216 gold pieces.
You spent 209 gold pieces at shops.


Innate Abilities, Weirdness & Mutations

You are immune to sickness and miasma.
Your stone body is resilient. (AC +4)
You are immune to poison.
You resist negative energy. (rN+)
You are resistant to electric shocks. (rElec)
You are resistant to unholy torment.
You are immune to petrification.


   Skills:
 + Level 3.4 Fighting
 - Level 5.3 Axes
 - Level 1.0 Throwing
 - Level 3.2 Armour
 - Level 5.0 Shields


You had 5 spell levels left.
You didn't know any spells.
Your spell library was empty.

Inventory:

Hand Weapons
 h - a +0 whip
 Y - a +0 war axe (weapon)
Missiles
 e - 3 boomerangs
 p - a silver javelin (quivered)
Armour
 b - a +0 scale mail (worn)
 c - the +2 leather armour "Koepi" {rElec rC++ Int+4 Stlth-}
   (You found it on level 4 of the Dungeon)

   Int:       It affects your intelligence (+4).
   rC:        It greatly protects you from cold.
   rElec:     It insulates you from electricity.
   Stlth:     It makes you less stealthy.
 k - a +0 kite shield (worn)
 r - a +0 cloak (worn)
Scrolls
 a - a scroll of teleportation
 l - a scroll of identify
Potions
 d - 2 potions of might
 f - a potion of brilliance {unknown}
 j - a potion of heal wounds {unknown}
 m - a potion of resistance {unknown}
 o - 4 potions of curing
 q - a potion of haste

Dungeon Overview and Level Annotations

Branches:
Dungeon (5/15)
 Temple: D:4-7

Altars:

Shops:
D:4 !


Message History

You hit the orc but do no damage. You block the orc's attack.
The orc hits you but does no damage.
A gnoll comes into view. It is wielding a +0 halberd.
You hit the orc.
The orc is lightly wounded.
The orc barely misses you. The gnoll completely misses you.
You hit the orc.
The orc is severely wounded.
You block the orc's attack. You block the gnoll's attack.
You barely miss the orc.
The orc is severely wounded.
You block the gnoll's attack. The orc hits you but does no damage.
The orc barely misses you.
The gnoll hits you from afar with a +0 halberd!
You barely miss the orc.
The orc is severely wounded.
You hear the rusting of a very distant drain.
The orc barely misses you.
The gnoll hits you from afar with a +0 halberd!
You hit the orc but do no damage.
The orc is severely wounded.
The orc hits you but does no damage. The gnoll barely misses you.
You hit the orc.
You kill the orc!
The gnoll hits you from afar with a +0 halberd!
The gnoll barely misses you.
3349 ||| READING 2 scrolls of teleportation.
As you read the scroll of teleportation, it crumbles to dust.
You feel strangely unstable. The gnoll hits you but does no damage.
You block the gnoll's attack.
Things that are here:
a +0 club; 13 stones; a +0 ring mail
Enter note:
Enter note: You completely miss the gnoll.
The gnoll closely misses you.
You hit the gnoll but do no damage. The gnoll hits you with a +0 halberd!
You die...

.#. #.# ..# #.# ... #.#
#.### #.#. #...
#######.#.# ##.##
........##.###...#
#######.###....#)#######
#......)........@.......
#.....####.....##g#.....
#.##### ####..# .# ##.
..# #### .# ..# .# ..###
'# #...# .' #...# .#
#.###


You could see a gnoll.

Vanquished Creatures
  A water moccasin (D:5)
  A howler monkey (D:5)
  Terence (D:3)
  4 iguanas
  An orc wizard (D:3)
  2 adders
  An ufetubus (D:4)
  A dart slug (D:1)
  7 orcs
  6 bats
  5 endoplasms
  4 giant cockroaches
  10 goblins
  5 hobgoblins
  2 jackals (D:1)
  5 kobolds
  6 quokkas
  2 ball pythons (D:1)
  2 frilled lizards
  5 rats
71 creatures vanquished.

Notes
Turn   | Place    | Note
-------+----------+-------------------------------------------
     0 | D:1      | qw the Gargoyle Fighter began the quest for the Orb.
     0 | D:1      | Reached XP level 1. HP: 14/14 MP: 1/1
     0 | D:1      | 0 ||| qw: Version: 0.2-a-108-gee2c290
     0 | D:1      | 0 ||| qw: Game counter: 1474
     0 | D:1      | 0 ||| qw: Always use a shield: true
     0 | D:1      | 0 ||| qw: God list: Okawaru
     0 | D:1      | 0 ||| qw: Allow faded altars: false
     0 | D:1      | 0 ||| qw: Do Orc after D:15 true
     0 | D:1      | 0 ||| qw: Do second Lair branch before Depths: true
     0 | D:1      | 0 ||| qw: Lair rune preference: random
     0 | D:1      | 0 ||| qw: Plans: Normal, Zot:1-4, Slime:5, God:TSO, Crypt,
                  | Tomb, Abyss, Pan, Hells, Win
     0 | D:1      | 0 ||| PLANNING D:1-11
    62 | D:1      | Reached XP level 2. HP: 19/19 MP: 2/2
    62 | D:1      | 62 ||| Stepping ~*~*~tactically~*~*~ (hiding).
   277 | D:1      | Reached skill level 3 in Axes
   388 | D:1      | Reached XP level 3. HP: 23/23 MP: 3/3
   630 | D:1      | 630 ||| READING scroll labelled JOOFEH GEHIA.
   635 | D:1      | 635 ||| READING scroll labelled CENEOMNYAH.
   649 | D:1      | 649 ||| READING scroll labelled LEOLI SAUKLYME.
   650 | D:1      | 650 ||| READING scroll labelled YNYDWA PATUEST.
   651 | D:1      | 651 ||| READING scroll labelled LUUBO MA SOE.
  1439 | D:2      | 1439 ||| READING scroll labelled WASCHI DUIDOU.
  1440 | D:2      | 1440 ||| READING scroll labelled BOTAUTZ BINICUC.
  1530 | D:3      | 1530 ||| DROPPING +0 club.
  1567 | D:3      | Noticed Terence
  1575 | D:3      | Killed Terence
  1576 | D:3      | Reached XP level 4. HP: 23/28 MP: 4/4
  1780 | D:3      | 1780 ||| Stepping ~*~*~tactically~*~*~ (hiding).
  1781 | D:3      | 1781 ||| Stepping ~*~*~tactically~*~*~ (hiding).
  1791 | D:3      | 1791 ||| FLEEEEING.
  1792 | D:3      | 1792 ||| FLEEEEING.
  1793 | D:3      | 1793 ||| FLEEEEING.
  1794 | D:3      | 1794 ||| FLEEEEING.
  1795 | D:3      | 1795 ||| FLEEEEING.
  1796 | D:3      | 1796 ||| FLEEEEING.
  1797 | D:3      | 1797 ||| FLEEEEING.
  1798 | D:3      | 1798 ||| FLEEEEING.
  1799 | D:3      | 1799 ||| FLEEEEING.
  1800 | D:3      | 1800 ||| FLEEEEING.
  1801 | D:3      | 1801 ||| FLEEEEING.
  1802 | D:3      | 1802 ||| FLEEEEING.
  1803 | D:3      | 1803 ||| FLEEEEING.
  1804 | D:3      | 1804 ||| FLEEEEING.
  1805 | D:3      | 1805 ||| FLEEEEING.
  1806 | D:3      | 1806 ||| FLEEEEING.
  1808 | D:3      | 1808 ||| FLEEEEING.
  1809 | D:3      | 1809 ||| FLEEEEING.
  1810 | D:3      | 1810 ||| FLEEEEING.
  1811 | D:3      | 1811 ||| FLEEEEING.
  1812 | D:3      | 1812 ||| STAIRDANCE
  1860 | D:2      | 1860 ||| UPGRADING to +0 kite shield.
  1870 | D:2      | 1870 ||| DROPPING +0 buckler.
  1871 | D:2      | 1871 ||| READING scroll labelled OTEATA UTZIKOG.
  1874 | D:3      | 1874 ||| STAIRDANCE
  1897 | D:3      | 1897 ||| STAIRDANCE
  1918 | D:3      | Reached XP level 5. HP: 32/32 MP: 5/5
  2119 | D:3      | 2119 ||| READING scroll labelled AMALIF YTOL.
  2196 | D:4      | 2196 ||| Stepping ~*~*~tactically~*~*~ (stealth).
  2311 | D:4      | Reached skill level 1 in Throwing
  2390 | D:4      | Identified the +2 leather armour "Koepi" {rElec rC++ Int+4
                  | Stlth-}
  2654 | D:4      | Reached XP level 6. HP: 37/37 MP: 6/6
  2778 | D:4      | Found Voefij's Distillery.
  2786 | D:4      | 2786 ||| BUYING potion of curing (33 gold).
  2786 | D:4      | Bought a potion of curing for 33 gold pieces
  2786 | D:4      | 2786 ||| BUYING potion of curing (33 gold).
  2786 | D:4      | Bought a potion of curing for 33 gold pieces
  2786 | D:4      | 2786 ||| BUYING potion of curing (33 gold).
  2786 | D:4      | Bought a potion of curing for 33 gold pieces
  2786 | D:4      | 2786 ||| BUYING potion of haste (110 gold).
  2786 | D:4      | Bought a potion of haste for 110 gold pieces
  2786 | D:4      | 2786 ||| SHOPLISTING potion of lignification (33 gold, have
                  | 5).
  2786 | D:4      | 2786 ||| SHOPLISTING potion of magic (88 gold, have 5).
  2786 | D:4      | 2786 ||| SHOPLISTING potion of might (44 gold, have 5).
  3074 | D:4      | 3074 ||| UPGRADING to +0 cloak.
  3079 | D:4      | 3079 ||| READING scroll labelled NICIDE NUISCH.
  3080 | D:4      | 3080 ||| READING 2 scrolls labelled REISOR ZIEJ.
  3081 | D:4      | 3081 ||| READING 4 scrolls of identify.
  3081 | D:4      | 3081 ||| IDENTIFYING orange potion
  3082 | D:4      | 3082 ||| READING 3 scrolls of identify.
  3082 | D:4      | 3082 ||| IDENTIFYING fizzy yellow potion
  3083 | D:4      | 3083 ||| READING 2 scrolls of identify.
  3083 | D:4      | 3083 ||| IDENTIFYING bubbling emerald potion
  3084 | D:4      | 3084 ||| DROPPING potion of invisibility.
  3085 | D:4      | 3085 ||| DROPPING potion of flight.
  3086 | D:4      | 3086 ||| DROPPING potion of ambrosia.
  3087 | D:4      | 3087 ||| DROPPING scroll of vulnerability.
  3132 | D:5      | Entered Level 5 of the Dungeon
  3133 | D:5      | 3133 ||| PLANNING SEWER
  3145 | D:5      | 3145 ||| Stepping ~*~*~tactically~*~*~ (hiding).
  3148 | D:5      | 3148 ||| Stepping ~*~*~tactically~*~*~ (hiding).
  3203 | D:5      | 3203 ||| Stepping ~*~*~tactically~*~*~ (water).
  3208 | D:5      | Noticed a water moccasin
  3221 | D:5      | Killed a water moccasin
  3332 | D:5      | Identified the +1 trident of Sayloude {protect, Drain rPois
                  | MP+9 Int+8}
  3333 | D:5      | 3333 ||| Stepping ~*~*~tactically~*~*~ (stealth).
  3348 | D:5      | HP: 5/37 [gnoll/+0 halberd (7)]
  3349 | D:5      | 3349 ||| READING 2 scrolls of teleportation.
  3352 | D:5      | Slain by a gnoll

Levels and vault maps discovered:
D:1:      eino_arrival_tree_alley, layout_rooms, st_stairs_1,
          hangedman_feature_mirror, minivault_19, dk_noncrumbling_3
D:2:      layout_basic, hangedman_decor_growths, minmay_misc_feat_chi
D:3:      layout_rooms, serial_park_tiny_pond, uniq_terence
D:4:      layout_basic, serial_shops, shop, chequers_serial_rivers_micro_a,
          dreamdust_princess_corridor, serial_bayou_pond_e
D:5:      corexii_shantytown, layout_loops_ring, minmay_temple_entry_waves,
          gup_sewer_entry_spiral, serial_bayou_lagoon_b

Skill      XL: |  1  2  3  4  5  6 |
---------------+-------------------+-----
Axes           | 2 3 4 5 |  5.3
Throwing       | 1 |  1.0
Shields        | 5 |  5.0
Fighting       | |  3.4
Armour         | |  3.2

Action                     |  1- 3 |  4- 6 || total
---------------------------+-------+-------++-------
  Melee: War axe           |    92 |   136 ||   228
  Throw: Javelin           |       |    19 ||    19
         Boomerang         |       |     2 ||     2
    Use: Scroll            |     7 |     8 ||    15
 Armour: Scale mail        |    51 |    62 ||   113
  Dodge: Dodged            |    34 |    65 ||    99
  Block: Buckler           |    19 |     4 ||    23
         Kite shield       |       |    52 ||    52

Table legend:
 A = Non-vault XP
 B = Vault XP
 C = Vault XP percentage of total XP
 D = Non-vault monster count
 E = Vault monster count
 F = Vault count percentage of total count
                 A         B        C        D         E       F
            +---------+---------+-------+---------+---------+-------
      Total |     503 |      59 |  10.5 |      60 |      11 |  15.5
            +---------+---------+-------+---------+---------+-------
        D:1 |      31 |       4 |  11.4 |      16 |       2 |  11.1
        D:2 |      20 |       0 |   0.0 |      12 |       0 |   0.0
        D:3 |     101 |      36 |  26.3 |      15 |       1 |   6.2
        D:4 |     137 |       0 |   0.0 |      12 |       0 |   0.0
        D:5 |     214 |      19 |   8.2 |       5 |       8 |  61.5
            +---------+---------+-------+---------+---------+-------
